Map: Emerald City LE

Players

leon

  • Race: Terran Terran
  • League: Diamond
  • Spawn Location: 5:00

BluE

  • Race: Terran Terran
  • League: Platinum
  • Spawn Location: 5:00

OpuS

  • Race: Protoss Protoss
  • League: Diamond
  • Spawn Location: 11:00

Sketchaphone

  • Race: Zerg Zerg
  • League: Gold
  • Spawn Location: 11:00

VOD

Have the link to the VOD?

Description

Time

  • Played on: Jan. 22, 2019, 10:36 a.m.
  • Length: 15:24
Show
View Real Time Build Order
Export as new Build Order

leon Terran 

Build Orders: Gas First Reaper Expand 

Get SALT Encoding   

  12  0:02  SCV  
  14  0:14  SCV  
  14  0:20  Supply Depot  
  14  0:26  SCV  
  15  0:30  Refinery  
  15  0:41  SCV  
  16  0:52  Barracks  
  16  0:56  SCV  
  17  1:08  SCV  
  18  1:20  SCV  
  19  1:38  Orbital Command  
  19  1:41  Reaper  
  20  2:00  Command Center  
  19  2:28  Barracks Reactor  
  19  2:33  Factory  
  20  2:37  SCV  
  20  2:39  Refinery  
  20  2:49  SCV  
  21  3:01  SCV  
  22  3:16  SCV  
  22  3:17  Orbital Command  
  22  3:31  Marine x2  
  22  3:33  Factory Tech Lab  
  24  3:35  Barracks  
  24  3:41  Barracks  
  24  3:45  Starport  
  24  3:48  Marine, Command Center  
  25  3:58  Marine  
  26  4:06  Marine, Siege Tank  
  30  4:16  SCV x2  
  32  4:23  Barracks Tech Lab  
  32  4:28  Barracks Reactor  
  32  4:33  Supply Depot x2  
  32  4:36  Marine x2  
  34  4:43  Starport Reactor  
  34  5:02  Orbital Command  
  34  5:04  SCV  
  34  5:05  SCV  
  36  5:13  Engineering Bay  
  36  5:17  SCV  
  36  5:18  Marine x4  
  36  5:19  Engineering Bay, SCV  
  42  5:25  Medivac x2  
  42  5:26  Marine  
  47  5:29  SCV  
  48  5:35  Marine  
  48  5:36  Marine, SCV  
  48  5:40  SCV  
  52  5:42  Stimpack  
  52  5:44  Marine x2  
  52  5:46  Siege Tank  
  52  5:48  SCV  
  58  5:54  Supply Depot  
  58  5:58  Supply Depot  
  58  6:05  Liberator  
  58  6:06  Terran Infantry Weapons Level 1  
  58  6:07  Terran Infantry Armor Level 1  
  58  6:08  Marine x2  
  58  6:09  SCV x2  
  58  6:10  SCV  
  66  6:33  SCV x2  
  66  6:34  SCV  
  66  6:35  Refinery  
  66  6:37  Refinery  
  69  6:43  Supply Depot  
  69  6:45  SCV  
  69  6:46  SCV  
  69  6:47  Supply Depot  
  71  6:50  Marine  
  71  6:51  Marine x3  
  71  6:52  Armory  
  75  6:56  SCV  
  75  6:57  Liberator  
  75  7:00  SCV  
  77  7:01  SCV  
  77  7:05  Marine  
  77  7:08  SCV  
  80  7:12  SCV  
  80  7:13  SCV  
  85  7:17  Medivac  
  85  7:18  Marine  
  85  7:19  Marine x2  
  85  7:20  SCV  
  91  7:24  Supply Depot, SCV  
  91  7:25  SCV  
  91  7:27  Supply Depot  
  93  7:34  Siege Tank  
  93  7:36  SCV  
  98  7:38  SCV  
  98  7:43  Combat Shield  
  98  7:48  SCV  
  99  7:56  Orbital Command  
  99  8:01  Marine  
  99  8:02  SCV, Command Center  
  101  8:05  Barracks  
  101  8:07  Barracks  
  101  8:10  Barracks  
  101  8:12  Barracks  
  93  8:48  Marine x2  
  93  8:52  Siege Tank  
  93  8:54  SCV  
  99  8:59  SCV x2  
  101  9:06  SCV  
  102  9:11  SCV  
  102  9:14  SCV  
  102  9:15  Marine x4  
  108  9:18  SCV  
  108  9:19  Barracks Tech Lab x2  
  108  9:20  Barracks Tech Lab  
  108  9:21  Barracks Reactor  
  108  9:22  Orbital Command  
  108  9:23  SCV  
  110  9:24  Terran Infantry Weapons Level 2, Terran Infantry Armor Level 2  
  110  9:26  Siege Tank  
  112  9:55  Marauder x3  
  112  9:56  Marauder, Marine x4  
  112  9:57  Marine x2  
  112  9:59  Siege Tank  
  129  10:02  Supply Depot  
  129  10:08  Supply Depot  
  129  10:14  Marine  
  129  10:16  Marauder  
  132  10:22  Starport  
  132  10:23  Starport, Viking x2  
  132  10:24  Marauder x2  
  140  10:31  Siege Tank  
  140  10:33  Refinery  
  140  10:34  Refinery  
  142  10:53  Viking x2  
  138  11:03  Siege Tank  
  128  11:41  Marine x2  
  128  11:44  Marauder x4  
  128  11:45  Marine x3  
  128  11:46  Viking x2  
  145  11:50  SCV  
  145  11:53  SCV  
  147  12:11  Command Center  
  147  12:25  Marine  
  148  12:30  Marauder x2, Marine, Viking x2  
  148  12:31  Marauder x2  
  148  12:32  Terran Infantry Weapons Level 3, Terran Infantry Armor Level 3  
  155  12:52  Marauder x4  
  155  13:11  Marine  
  155  13:12  Marine x4  
  160  13:13  Marauder x3  
  160  13:14  Marauder  
  160  13:15  Marine  
  160  13:16  Siege Tank  
  172  13:20  Viking  
  172  13:21  Viking  
  176  13:29  Marine x2  
  176  13:30  Marine x3  
  131  13:34  Marauder x2  
  131  13:35  Marauder  
  131  13:36  Marauder  
  119  13:47  Marine  
  119  13:48  Marine x5  
  112  13:49  Siege Tank  
  112  13:50  Viking  
  115  13:56  Marauder x3  
  115  13:57  Marauder  
  121  14:05  Marine x2  
  121  14:06  Marine x4  
  122  14:13  Planetary Fortress  
  122  14:15  Planetary Fortress  
  111  14:17  Marauder x3  
  111  14:18  Marauder  
  111  14:21  Siege Tank  
  111  14:23  Marine x4  
  111  14:24  Marine x2  
  123  14:26  SCV x3  
  129  14:38  Marauder, SCV x3  
  129  14:39  Marauder x2  
  129  14:40  Marauder  
  139  14:50  SCV x2  
  139  14:51  SCV  
  142  14:58  Marine  
  146  15:00  Marauder x3  
  146  15:01  Marauder  
  146  15:02  SCV  
  146  15:03  SCV  
Show
View Real Time Build Order
Export as new Build Order

BluE Terran 

Build Orders: Gas First Reaper Expand 

Get SALT Encoding   

  12  0:02  SCV  
  13  0:14  SCV  
  14  0:23  Supply Depot  
  14  0:27  SCV  
  15  0:31  Refinery  
  15  0:45  SCV  
  15  0:49  Barracks  
  16  0:57  SCV  
  17  1:09  SCV  
  18  1:21  SCV  
  19  1:40  Orbital Command  
  19  1:41  Reaper  
  20  1:47  Command Center  
  20  1:57  Factory  
  20  2:06  SCV  
  21  2:08  Supply Depot  
  21  2:14  Barracks Reactor  
  21  2:22  SCV  
  22  2:24  Refinery  
  22  2:34  SCV  
  23  2:42  Factory Tech Lab, Barracks  
  23  2:46  SCV  
  24  3:12  Marine x2  
  25  3:13  Siege Tank  
  25  3:14  Orbital Command  
  25  3:15  SCV  
  29  3:27  SCV  
  29  3:32  Marine x2  
  32  3:39  SCV  
  32  3:40  SCV  
  34  3:43  Engineering Bay  
  34  3:51  SCV  
  34  3:52  SCV  
  34  3:53  Factory Tech Lab, Supply Depot  
  34  3:55  Refinery  
  36  3:57  Marine x3  
  36  3:58  Stimpack  
  39  4:03  SCV, Supply Depot  
  39  4:04  SCV  
  41  4:15  SCV  
  41  4:16  Siege Tank, SCV  
  41  4:17  Marine x3  
  49  4:27  SCV  
  49  4:28  SCV  
  51  4:32  Starport  
  51  4:40  SCV x2  
  51  4:43  Terran Infantry Weapons Level 1  
  53  4:47  Supply Depot  
  53  4:52  SCV x2  
  55  4:58  Supply Depot  
  55  5:04  SCV x2  
  55  5:05  Bunker  
  57  5:07  Bunker  
  42  5:31  SCV  
  40  5:36  SCV  
  40  5:37  Refinery  
  40  5:42  Barracks  
  41  5:43  SCV  
  41  5:45  Barracks, Medivac x2  
  41  5:46  Factory Tech Lab  
  41  5:48  Marauder  
  41  5:49  Marauder, Command Center  
  50  5:50  Concussive Shells  
  50  5:51  SCV  
  51  5:57  SCV  
  51  6:03  Combat Shield, SCV  
  53  6:05  Siege Tank  
  53  6:09  SCV  
  57  6:16  SCV  
  57  6:18  Marauder x2  
  62  6:22  SCV  
  62  6:25  Supply Depot  
  63  6:28  Liberator  
  63  6:29  SCV  
  63  6:34  SCV  
  63  6:39  Barracks Reactor x2  
  64  6:44  Engineering Bay, Terran Infantry Armor Level 1  
  64  6:46  Armory, Marauder x2  
  71  6:53  Barracks  
  71  6:54  Barracks  
  71  6:55  SCV  
  72  7:01  Barracks  
  72  7:03  Barracks  
  72  7:07  SCV  
  72  7:08  Marine x2  
  75  7:16  Orbital Command  
  75  7:23  SCV x2  
  75  7:25  Marine x2  
  75  7:26  Marine x2  
  81  7:35  SCV x2  
  83  7:42  Refinery  
  83  7:43  SCV  
  86  7:44  Marauder x2  
  86  7:45  Sensor Tower  
  86  7:47  SCV x2  
  90  7:53  Barracks Reactor x2  
  90  7:55  SCV  
  90  7:56  Command Center  
  91  7:59  SCV x2  
  93  8:07  Supply Depot  
  93  8:08  SCV  
  93  8:11  SCV x2  
  80  8:20  SCV  
  81  8:32  Sensor Tower, SCV  
  82  8:35  Marine, Refinery  
  82  8:36  Marine x2  
  82  8:37  Marine  
  82  8:38  Marine x2  
  82  8:39  Barracks Reactor x2  
  88  8:43  Marine  
  88  8:44  Marauder x2, Marine, Siege Tank  
  97  8:51  Factory  
  97  9:01  Supply Depot  
  97  9:02  Supply Depot x2  
  97  9:05  Marauder  
  97  9:06  Terran Infantry Armor Level 2, Terran Infantry Weapons Level 2  
  97  9:08  Terran Vehicle Weapons Level 1  
  99  9:10  Planetary Fortress  
  99  9:17  Siege Tank  
  102  9:22  Missile Turret  
  102  9:24  Marine x2  
  102  9:25  Marauder, Marine x5  
  102  9:27  Marauder  
  113  9:34  Medivac  
  113  9:35  Medivac  
  113  9:36  SCV  
  118  9:41  Factory Tech Lab  
  118  9:42  Starport  
  118  9:54  Marine  
  118  9:55  Marauder x2, Marine x2  
  125  10:04  Medivac  
  124  10:16  Marauder x2  
  109  10:31  Marine x2  
  109  10:32  Marine x2  
  103  10:36  Starport  
  103  10:38  Starport, Marauder x2  
  107  10:44  Marine x2  
  107  10:45  Siege Tank  
  107  10:54  Command Center  
  102  10:59  Marauder x2  
  102  11:04  Marine x4  
  95  11:14  Marine  
  95  11:15  Marine x2  
  95  11:17  Siege Tank  
  100  11:21  Marauder x2  
  95  11:34  SCV x2  
  95  11:35  SCV  
  95  11:38  Liberator x2  
  95  11:42  Marauder x2  
  99  11:53  Viking x2  
  103  11:55  Marine  
  103  11:56  Marine  
  103  11:57  Barracks Tech Lab  
  103  11:58  Siege Tank  
  103  11:59  SCV  
  103  12:00  SCV  
  116  12:02  Refinery  
  116  12:03  Marauder x2  
  116  12:07  Planetary Fortress  
  120  12:11  Marine x4, Missile Turret  
  120  12:13  Marine  
  125  12:19  Siege Tank  
  128  12:25  Marauder x3, Marine x2  
  136  12:34  Marine x2  
  136  12:36  Marine x2  
  140  12:45  Marine  
  140  12:46  Marauder  
  140  12:47  Marauder  
  140  12:49  Marauder  
  138  12:54  Marine x2  
  136  13:04  Marine x3  
  136  13:08  Marauder x2  
  139  13:13  Marauder  
  139  13:16  Marine  
  139  13:18  Marine  
  139  13:19  Supply Depot  
  139  13:20  Supply Depot  
  139  13:23  Supply Depot x2  
  139  13:24  Liberator x2  
  137  13:29  Marauder x2  
  137  13:30  Marine x5  
  146  13:35  Marauder, Supply Depot x2  
  154  13:41  Marine  
  154  13:42  Marine x3  
  154  13:46  Supply Depot  
  154  13:47  Marine x2  
  154  13:48  Marine  
  161  13:49  Supply Depot  
  161  13:51  Marauder x2  
  165  13:56  Marauder  
  165  13:57  Marine x3  
  170  14:07  Medivac x2  
  174  14:12  Marauder x2  
  174  14:16  Marine x9  
  187  14:18  Marauder  
  187  14:20  Marine  
  190  14:33  Marauder  
  190  14:34  Marauder, Marine x3  
  194  14:39  Marauder  
  196  14:55  Marauder x2  
Show
View Real Time Build Order
Export as new Build Order

OpuS Protoss 

Build Orders: Nexus First 

Get SALT Encoding   

  12  0:01  Probe  
  13  0:13  Probe  
  14  0:18  Pylon  
  14  0:25  Probe  
  15  0:52  Probe  
  16  0:59  Nexus  
  16  1:08  Probe  
  16  1:09  Gateway  
  17  1:19  Probe  
  18  1:26  Assimilator  
  18  1:27  Probe  
  19  1:37  Probe  
  20  1:50  Probe  
  21  2:02  Probe  
  21  2:06  Cybernetics Core  
  22  2:10  Gateway  
  22  2:11  Gateway  
  22  2:16  Probe  
  22  2:25  Pylon  
  22  2:28  Probe  
  22  2:29  Assimilator  
  23  2:33  Stalker  
  23  2:36  Pylon  
  23  2:40  Probe  
  26  2:56  Probe  
  26  2:58  Stalker  
  29  2:59  Warp Gate  
  29  3:18  Stalker x2  
  33  3:30  Probe x2  
  35  3:37  Robotics Facility  
  35  3:42  Probe x2  
  37  3:54  Probe x2  
  39  4:06  Probe x2  
  39  4:07  Twilight Council  
  36  4:10  Adept x3  
  47  4:18  Probe  
  47  4:19  Probe  
  49  4:25  Pylon  
  49  4:28  Observer  
  49  4:30  Probe  
  49  4:31  Probe  
  52  4:47  Pylon  
  52  4:49  Pylon  
  52  4:50  Adept x3  
  58  5:11  Shield Battery  
  58  5:12  Shield Battery  
  58  5:13  Shield Battery  
  56  5:25  Blink  
  56  5:33  Probe x2  
  58  5:37  Assimilator  
  58  5:41  Assimilator  
  59  5:42  Observer  
  59  5:45  Probe  
  59  5:46  Stalker x3, Probe  
  67  5:52  Gateway  
  67  5:53  Gateway  
  67  5:56  Gateway  
  67  5:57  Gateway  
  67  5:59  Gateway  
  67  6:02  Probe x2  
  69  6:14  Probe x2  
  69  6:17  Adept  
  69  6:18  Adept x2  
  77  6:38  Robotics Bay  
  77  6:50  Nexus  
  77  6:53  Pylon  
  77  6:54  Pylon  
  77  6:55  Pylon  
  62  7:15  Charge  
  77  7:25  Probe x2  
  79  7:34  Stalker x2  
  79  7:35  Stalker x6  
  95  7:42  Extended Thermal Lance  
  95  7:44  Colossus  
  95  7:48  Probe  
  102  7:55  Pylon  
  102  7:57  Pylon  
  102  7:59  Pylon  
  102  8:00  Pylon  
  102  8:01  Probe x2  
  104  8:13  Probe  
  104  8:14  Probe  
  92  8:26  Zealot  
  66  8:27  Zealot  
  66  8:28  Colossus, Zealot x4  
  66  8:29  Zealot  
  66  8:30  Zealot  
  66  8:32  Probe x3  
  89  8:44  Probe x3  
  91  9:08  Robotics Facility  
  91  9:11  Zealot x4  
  91  9:12  Zealot x4  
  91  9:14  Colossus  
  113  9:28  Forge  
  113  9:29  Forge  
  113  9:31  Forge  
  113  9:48  Templar Archives  
  113  9:51  Zealot x5  
  113  9:52  Zealot x3  
  127  10:02  Colossus  
  131  10:25  Zealot x4  
  131  10:26  Zealot x4  
  139  10:41  Assimilator  
  131  10:45  Assimilator  
  115  11:01  Zealot x3  
  115  11:02  Zealot x5  
  121  11:07  Colossus x2  
  97  11:23  Zealot x2  
  92  11:33  Nexus  
  72  11:55  High Templar x3  
  72  11:56  High Templar x4  
  72  11:58  Psionic Storm  
  72  11:59  High Templar  
  72  12:00  Colossus  
  94  12:27  Probe  
  94  12:28  Probe  
  78  12:53  Probe x3  
  78  12:56  Colossus x2  
  92  13:03  Stalker  
  92  13:04  Stalker x3  
  92  13:05  Stalker  
  100  13:24  Probe x3  
  90  13:35  Archon  
  90  13:36  Archon x2  
  68  13:51  High Templar x2  
  68  13:52  High Templar x5  
  82  13:59  High Templar  
  84  14:14  Probe x3  
  73  14:26  Probe x2  
  73  14:27  Zealot  
  73  14:28  Zealot x6  
  85  14:46  Probe x2  
Show
View Real Time Build Order
Export as new Build Order

Sketchaphone Zerg 

Build Orders: Hatch First, Lurkers 

Get SALT Encoding   

  12  0:02  Drone  
  13  0:14  Overlord  
  13  0:21  Drone  
  13  0:25  Drone, Extractor  
  15  0:37  Drone x2  
  17  0:56  Hatchery  
  16  1:01  Drone, Extractor  
  16  1:03  Drone  
  17  1:10  Drone  
  18  1:24  Drone  
  19  1:29  Spawning Pool  
  19  1:32  Overlord  
  18  1:40  Drone  
  19  1:51  Drone  
  20  2:02  Drone  
  21  2:09  Drone  
  22  2:17  Queen  
  24  2:25  Metabolic Boost  
  24  2:28  Overlord  
  24  2:29  Zergling x2, Drone  
  26  2:33  Queen  
  28  2:39  Drone  
  28  2:40  Drone  
  28  2:42  Zergling x2  
  29  3:05  Spine Crawler  
  28  3:09  Drone x2  
  29  3:17  Drone  
  29  3:28  Drone  
  29  3:32  Zergling x4  
  32  3:35  Queen  
  32  3:36  Drone x5  
  39  3:46  Hatchery  
  38  3:54  Overlord, Drone  
  38  3:55  Zergling x4  
  41  4:06  Overlord, Drone  
  41  4:07  Drone  
  43  4:16  Drone  
  44  4:22  Overlord  
  44  4:24  Drone  
  45  4:28  Roach Warren  
  45  4:29  Drone x2  
  46  4:34  Zergling x2  
  46  4:35  Zergling x4  
  46  4:37  Zergling x4  
  51  4:40  Zergling x2  
  51  4:48  Zergling x8  
  53  5:00  Zergling x6  
  55  5:09  Zergling x4  
  55  5:10  Zergling x2, Drone x2  
  55  5:13  Overlord, Zergling x2  
  61  5:14  Roach  
  58  5:32  Drone  
  59  5:36  Zergling x2, Drone  
  59  5:37  Drone x4  
  59  5:38  Queen  
  67  5:43  Overlord x2, Drone x3  
  67  5:44  Drone  
  67  5:45  Lair  
  67  5:49  Evolution Chamber  
  70  5:50  Evolution Chamber  
  69  5:57  Spore Crawler  
  68  6:32  Extractor  
  68  6:33  Extractor  
  68  6:34  Extractor  
  64  6:49  Drone x2  
  64  6:50  Overlord x2  
  66  7:04  Zerg Ground Armor Level 1  
  66  7:05  Zerg Missile Weapons Level 1  
  66  7:07  Glial Reconstitution  
  66  7:09  Hydralisk Den, Drone  
  66  7:10  Drone x2  
  66  7:12  Zergling x4  
  70  7:30  Zergling x18  
  70  7:31  Overlord x2  
  70  7:32  Drone x9  
  70  7:34  Roach  
  90  7:40  Hatchery  
  90  7:41  Grooved Spines  
  90  7:42  Hydralisk  
  90  7:44  Roach  
  93  7:47  Roach  
  92  8:14  Roach  
  92  8:15  Roach x13  
  117  8:25  Extractor  
  117  8:26  Extractor  
  112  8:44  Hydralisk x4  
  112  8:45  Hydralisk  
  122  8:53  Queen  
  122  8:55  Roach x2  
  128  8:57  Overlord x2, Muscular Augments  
  128  9:04  Zerg Missile Weapons Level 2, Lurker Den  
  127  9:16  Overlord  
  126  9:20  Roach x3, Hydralisk  
  126  9:21  Roach x3  
  126  9:22  Roach  
  142  9:32  Drone  
  142  9:33  Overlord x2  
  142  9:34  Overlord x2  
  142  9:35  Drone x2  
  132  9:50  Baneling Nest  
  131  9:59  Spire  
  129  10:03  Ravager x4  
  128  10:19  Ravager  
  128  10:20  Ravager  
  130  10:24  Zergling x38  
  149  10:29  Hydralisk  
  150  10:38  Roach x4  
  89  11:18  Hydralisk x5  
  89  11:19  Hydralisk x4  
  89  11:24  Extractor  
  89  11:25  Extractor  
  100  11:30  Pneumatized Carapace  
  100  11:31  Burrow  
  100  11:33  Hydralisk x2  
  100  11:35  Hydralisk  
  100  11:38  Lurker x2  
  108  11:43  Drone  
  109  11:48  Lurker x3  
  109  11:49  Roach x2  
  116  11:56  Roach  
  116  11:57  Hydralisk x3  
  116  11:58  Hydralisk  
  126  12:11  Overlord, Drone x2  
  126  12:12  Overlord  
  126  12:13  Drone x3  
  126  12:14  Drone x3  
  134  12:21  Hatchery  
  50  13:23  Roach  
  50  13:24  Roach x5  
  60  13:31  Drone  
  60  13:32  Roach x3  
  67  13:37  Roach x3  
  71  13:53  Hydralisk x4  
  75  13:56  Roach  
  75  14:06  Hatchery  
  66  14:20  Hatchery  
  63  14:44  Extractor  
  62  14:56  Spawning Pool  
Tags
 
Add a new tag
Caveats
  • Supply blocks, unpowered buildings, or Contaminate may cause inaccurate times.
  • Supply counts are checked every 10 seconds.